 Dungeon Sprint DCSS version 0.27.1-33-g824d729ab1 (webtiles) character file.

Game seed: 17777892904476261078

1207 Hipnos the Frost Mage (level 8, -7/41 HPs)
             Began as a Deep Elf Ice Elementalist on Nov 27, 2021.
             Was a Believer of Vehumet.
             Mangled by Sonja (15 damage)
             ... in the Dungeon (Sprint I: "Red Sonja").
             The game lasted 00:04:15 (832 turns).

Hipnos the Frost Mage (Deep Elf Ice Elementalist)    Turns: 832, Time: 00:04:17

Health: -7/41      AC: 12    Str:  5    XL:     8   Next: 21%
Magic:  19/26      EV: 14    Int: 23    God:    Vehumet [**....]
Gold:   433        SH:  0    Dex: 15    Spells: 18/32 levels left

rFire    . . .     SeeInvis .   i - +0 scythe (venom)
rCold    . . .     Faith    .   (shield currently unavailable)
rNeg     . . .     Spirit   .   a - +0 robe
rPois    .         Reflect  .   (no helmet)
rElec    .         Harm     .   (no cloak)
rCorr    .         Rampage  .   (no gloves)
Will     .....     NoTele   +   (no boots)
Stlth    ++........             (no amulet)
HPRegen  0.13/turn              (no ring)
MPRegen  0.20/turn              (no ring)

@: ice-armoured, freezing walls
A: no striking features
a: Renounce Religion


You were in the Dungeon.
You worshipped Vehumet.
Vehumet was pleased with you.
You visited 1 branch You collected 433 gold pieces.

Inventory:

Hand Weapons
 i - a +0 scythe of venom (weapon)
Armour
 a - a +0 robe (worn)
Wands
 f - a wand of polymorph (5)
Scrolls
 g - a scroll of blinking
Potions
 b - a potion of curing
 c - a potion of heal wounds
 d - a potion of haste
 e - 2 potions of magic
 h - 2 potions of degeneration {unknown}


   Skills:
 + Level 5.4 Dodging
 - Level 2.4 Stealth
 - Level 3.8 Unarmed Combat
 + Level 12.5 Spellcasting
 + Level 1.6 Conjurations
 + Level 14.9 Ice Magic
 - Level 1.8 Evocations


You had 18 spell levels left.
You knew the following spells:

 Your Spells              Type           Power      Damage    Failure   Level
a - Freeze                Ice            100%       1d11      0%          1
b - Frozen Ramparts       Ice            100%       1d12      1%          3
c - Ozocubu's Armour      Ice            70%        N/A       1%          3
d - Hailstorm             Conj/Ice       51%        3d11      1%          4
e - Magic Dart            Conj           84%        1d7       2%          1
f - Searing Ray           Conj           42%        3d4       3%          2

Your spell library contained the following spells:

 Spells                   Type           Power      Damage    Failure   Level


Dungeon Overview and Level Annotations

Branches:
Dungeon (1/1)

Altars:
Cheibriados
Dithmenos
Elyvilon
Fedhas
Gozag
Hepliaklqana
Kikubaaqudgha
Makhleb
Nemelex Xobeh
Okawaru
Qazlal
Ru
Sif Muna
Trog
Uskayaw
Vehumet
Wu Jian
Xom
Yredelemnul
Zin
The Shining One
Jiyva
Lugonu

Shops:
D *

Annotations:
D Sonja


Message History

Spell assigned to 'f'.
You start resting.
Magic restored.
You start waiting.
Done waiting.
There is an open door here.
There is an open door here.
There is an open door here.
You see here a +0 club.
You open the door.
Sonja, the Graceful Assassin comes into view.
She is wielding a +0 dagger of distortion and quivering curare-tipped darts.
Sonja shouts!
Found 108 gold pieces.
Casting: Hailstorm (dangerous; 1% risk of failure)
Confirm with . or Enter, or press ? or * to list all spells.
A film of ice covers your body!
Casting: Ozocubu's Armour (safe; 1% risk of failure)
Confirm with . or Enter, or press ? or * to list all spells.
Casting: Frozen Ramparts (safe; 1% risk of failure)
Press: ? - help, Dir - look around, f - activate The walls around you are covered in ice.
The wall freezes Sonja.
Sonja barely misses you. Sonja hits you but does no damage.
Space bends around you.
Sonja hits you with a +0 dagger of distortion.
Space bends around you!
Casting: Frozen Ramparts (safe; 1% risk of failure)
Confirm with . or Enter, or press ? or * to list all spells.
Aiming: Freeze (safe; 0% risk of failure)
Press: ? - help, Shift-Dir - straight line, f - Sonja
Aim: Sonja, wielding a +0 dagger of distortion and quivering curare-tipped darts (lightly wounded)
You freeze Sonja!
Sonja is moderately wounded.
The wall freezes Sonja.
Sonja hits you with a +0 dagger of distortion.
Sonja hits you but does no damage. Space bends around you.
Sonja barely misses you.
The wall freezes Sonja!
Sonja barely misses you. Sonja hits you but does no damage.
Space warps horribly around you!
* * * LOW HITPOINT WARNING * * *
Sonja hits you but does no damage. Space warps horribly around you!
You die...

##########################
#<.#.)'..#..'..#__#..')..#
#..'..#.)'[.#..'..'..#.).#
#..#####'#####'#__####...+
#..####..#...#.#### ####
#..#__####..##)#
#..#_____##'#_.+
#⌠⌠#_.∩...'..._#
####_..__##_@#'#
#_____###K#.# #######
#.### $.$ $.$ ##.## #+#


You could see Sonja.

Vanquished Creatures
  2 kobold demonologists (D)
  A slime creature (D)
  Sigmund (D)
  A yak (D)
  A floating eye (D)
  A bullfrog (D)
  A jelly (D)
  Ijyb (D)
9 creatures vanquished.

Vanquished Creatures (others)
  A gargoyle (D)
1 creature vanquished.

Grand Total: 10 creatures vanquished

Notes
Turn   | Place    | Note
-------+----------+-------------------------------------------
     0 | D        | Hipnos the Deep Elf Ice Elementalist began the quest for
                  | the Orb.
     0 | D        | Reached XP level 1. HP: 10/10 MP: 6/6
     1 | D        | Noticed Ijyb
    20 | D        | Killed Ijyb
    21 | D        | Reached skill level 1 in Unarmed Combat
    21 | D        | Reached skill level 7 in Ice Magic
    21 | D        | Reached XP level 2. HP: 15/15 MP: 6/8
    97 | D        | Noticed an ogre
    98 | D        | Noticed a bullfrog
    98 | D        | an ogre changed into a bullfrog
   103 | D        | Killed a bullfrog
   104 | D        | Reached skill level 9 in Ice Magic
   104 | D        | Reached XP level 3. HP: 19/19 MP: 4/11
   104 | D        | Reached XP level 4. HP: 24/24 MP: 4/12
   168 | D        | Learned a level 3 spell: Frozen Ramparts
   172 | D        | Learned a level 3 spell: Ozocubu's Armour
   173 | D        | Noticed Sigmund
   182 | D        | Killed Sigmund
   183 | D        | Reached skill level 11 in Ice Magic
   183 | D        | Reached skill level 1 in Evocations
   183 | D        | Reached XP level 5. HP: 24/28 MP: 8/16
   187 | D        | Learned a level 4 spell: Hailstorm
   237 | D        | Found an ornate altar of the Wu Jian Council.
   237 | D        | Found a shimmering blue altar of Sif Muna.
   239 | D        | Found a radiant altar of Vehumet.
   244 | D        | Became a worshipper of Vehumet
   248 | D        | Reached XP level 6. HP: 19/32 MP: 9/17
   374 | D        | Found Fibrolu's General Store.
   374 | D        | Found an ancient bone altar of Kikubaaqudgha.
   374 | D        | Found a hazy altar of Hepliaklqana.
   374 | D        | Found a stormy altar of Qazlal.
   374 | D        | Found a hide-covered altar of Uskayaw.
   374 | D        | Found a blossoming altar of Fedhas.
   374 | D        | Found a bloodstained altar of Trog.
   374 | D        | Found an iron altar of Okawaru.
   374 | D        | Found a basalt altar of Yredelemnul.
   374 | D        | Found a glowing golden altar of the Shining One.
   374 | D        | Found a snail-covered altar of Cheibriados.
   374 | D        | Found a sacrificial altar of Ru.
   374 | D        | Found a glowing silver altar of Zin.
   374 | D        | Found a shadowy altar of Dithmenos.
   374 | D        | Found a white marble altar of Elyvilon.
   374 | D        | Noticed a yak
   378 | D        | Killed a yak
   379 | D        | Reached skill level 5 in Dodging
   379 | D        | Reached skill level 13 in Ice Magic
   398 | D        | Found an opulent altar of Gozag.
   449 | D        | Found a burning altar of Makhleb.
   449 | D        | Found a viscous altar of Jiyva.
   449 | D        | Found a shimmering altar of Xom.
   449 | D        | Found a corrupted altar of Lugonu.
   449 | D        | Noticed a slime creature
   452 | D        | Killed a gargoyle
   455 | D        | Killed a slime creature
   455 | D        | Reached * piety under Vehumet
   455 | D        | Offered knowledge of Magic Dart by Vehumet.
   456 | D        | Reached XP level 7. HP: 28/36 MP: 11/22
   458 | D        | Learned a level 1 spell: Magic Dart
   521 | D        | Found a sparkling altar of Nemelex Xobeh.
   586 | D        | Noticed a kobold demonologist
   586 | D        | Noticed a kobold demonologist
   588 | D        | Noticed a neqoxec
   589 | D        | Killed a kobold demonologist
   589 | D        | Paralysed by a floating eye for 2 turns
   590 | D        | Reached skill level 14 in Ice Magic
   591 | D        | Reached skill level 1 in Conjurations
   592 | D        | Killed a kobold demonologist
   592 | D        | Offered knowledge of Searing Ray by Vehumet.
   592 | D        | Reached ** piety under Vehumet
   593 | D        | Reached XP level 8. HP: 41/41 MP: 1/26
   597 | D        | Learned a level 2 spell: Searing Ray
   829 | D        | Noticed Sonja
   832 | D        | Mangled by Sonja

Illustrated notes

Levels and vault maps discovered:
D:        dungeon_sprint_1 [red_sonja_temple_1, red_sonja_temple_small_1]

Skill      XL: |  1  2  3  4  5  6  7 |
---------------+----------------------+-----
Dodging        | 3 4 5 |  5.4
Unarmed Combat | 1 2 3 |  3.8
Ice Magic      | 7 9 11 13 14 | 14.9
Spellcasting   | 4 6 9 12 | 12.5
Evocations     | 1 |  1.8
Conjurations   | 1 |  1.6
Stealth        | |  2.4

Action                   |  1- 3 |  4- 6 |  7- 9 || total
-------------------------+-------+-------+-------++-------
Melee: Unarmed           |    15 |       |       ||    15
 Cast: Freeze            |     5 |     8 |     1 ||    14
       Ozocubu's Armour  |       |     4 |     2 ||     6
       Frozen Ramparts   |       |     4 |     2 ||     6
       Hailstorm         |       |       |     4 ||     4
Evoke: Wand              |     1 |       |       ||     1
  Use: Potion            |     1 |       |       ||     1
Armor: Robe              |     1 |     2 |     4 ||     7
Dodge: Dodged            |     8 |     8 |     3 ||    19
